 Dungeon Crawl Stone Soup version 0.31.0-11-ge490571c62 (webtiles) character file.

Game seed: 18176611478660988851

128 qw the Skirmisher (level 4, -3/25 HPs)
             Began as a Deep Elf Hunter on Feb 3, 2024.
             Slain by a gnoll sergeant
             ... wielding a +0 trident
              (4 damage)
             ... on level 6 of the Dungeon.
             The game lasted 00:00:08 (1255 turns).

qw the Skirmisher (Deep Elf Hunter)                 Turns: 1255, Time: 00:00:08

Health: -3/25      AC:  8    Str: 10    XL:     4   Next: 86%
Magic:  6/6        EV:  9    Int: 14    God:
Gold:   19         SH:  0    Dex: 18    Spells: 3/3 levels left

rFire   . . .        a - +0 shortbow (heavy)
rCold   . . .        (shield currently unavailable)
rNeg    . . .        k - +0 scale mail
rPois   +            d - +0 helmet
rElec   .            (no cloak)
rCorr   .            j - +0 pair of gloves
SInv    .            (no boots)
Will    .....        (no amulet)
Stlth   +            h - ring of poison resistance
HPRegen 0.24/turn    (no ring)
MPRegen 0.10/turn

%: no passive effects
@: about to teleport, hasted, very quick
A: no striking features
a: no special abilities


You were on level 6 of the Dungeon.
You visited 1 branch of the dungeon, and saw 4 of its levels.

You collected 127 gold pieces.
You spent 108 gold pieces at shops.


   Skills:
 - Level 1.5 Fighting
 - Level 8.0 Ranged Weapons
 + Level 0.9 Armour
 - Level 2.4 Dodging
 - Level 1.2 Stealth


You had 3 spell levels left.
You didn't know any spells.
Your spell library was empty.

Inventory:

Hand Weapons
 a - a +0 heavy shortbow (weapon)
Armour
 d - a +0 helmet (worn)
 j - a +0 pair of gloves (worn)
 k - a +0 scale mail (worn)
Jewellery
 c - a ring of poison resistance
 h - a ring of poison resistance (left hand)
Scrolls
 b - a scroll of identify
Potions
 i - a potion of curing

Dungeon Overview and Level Annotations

Branches:
Dungeon (6/15)
 Temple: D:4-7

Altars:
Makhleb

Shops:
D:2 ?


Message History

You shoot an arrow.
The arrow hits the gnoll sergeant but does no damage.
The gnoll sergeant is lightly wounded.
The gnoll sergeant hits you from afar with a +0 trident.
The gnoll sergeant hits you but does no damage.
You shoot an arrow. The arrow hits the gnoll sergeant!
The gnoll sergeant is severely wounded.
The gnoll sergeant barely misses you.
You shoot an arrow.
The arrow hits the gnoll sergeant but does no damage.
The gnoll sergeant is severely wounded.
The gnoll sergeant closely misses you.
You shoot an arrow. The arrow closely misses the gnoll.
The arrow hits the gnoll sergeant but does no damage.
The gnoll sergeant is severely wounded.
The gnoll sergeant barely misses you.
You shoot an arrow. The arrow hits the gnoll!
The gnoll is almost dead.
The gnoll sergeant hits you but does no damage.
The gnoll closely misses you.
The gnoll sergeant hits you from afar with a +0 trident!
The gnoll barely misses you.
You shoot an arrow. The arrow hits the gnoll!
You kill the gnoll!
The gnoll sergeant hits you from afar with a +0 trident.
You shoot an arrow. The arrow hits the gnoll sergeant.
The gnoll sergeant is almost dead.
The gnoll sergeant hits you from afar with a +0 trident.
You shoot an arrow. The arrow hits the gnoll sergeant.
The gnoll sergeant is almost dead.
The gnoll sergeant hits you from afar with a +0 trident.
You shoot an arrow.
The arrow hits the gnoll sergeant but does no damage.
The gnoll sergeant is almost dead.
The gnoll sergeant hits you from afar with a +0 trident.
1255 ||| READING scroll of teleportation.
As you read the scroll of teleportation, it crumbles to dust.
You feel strangely unstable.
The gnoll sergeant hits you from afar with a +0 trident.
You die...

....#.# ...#.# ..
.#..## ... ##....#
...###.)...#
.)#..#...g.#
#..#.)).#....#
..#..)..##@)###...
......)...........
......)..##.####..
#...####.##.####
#).............
#..###.........
#[.....###.###.
######.####.# .#
#.....<####'#####


You could see a gnoll sergeant.

Vanquished Creatures
  3 gnolls (D:6)
  3 adders
  A dart slug (D:2)
  A ribbon worm (D:2)
  6 orcs
  4 endoplasms
  2 giant cockroaches
  A goblin (D:2)
  5 hobgoblins
  9 jackals
  6 kobolds
  3 quokkas
  6 ball pythons
  4 bats
  2 frilled lizards (D:2)
  5 rats
61 creatures vanquished.

Notes
Turn   | Place    | Note
-------+----------+-------------------------------------------
     0 | D:1      | qw the Deep Elf Hunter began the quest for the Orb.
     0 | D:1      | Reached XP level 1. HP: 12/12 MP: 3/3
     0 | D:1      | 0 ||| qw: Version: 0.3-a-157-g843a77d
     0 | D:1      | 0 ||| qw: Game counter: 4035
     0 | D:1      | 0 ||| qw: Melee chars always use a shield: true
     0 | D:1      | 0 ||| qw: God list: Okawaru
     0 | D:1      | 0 ||| qw: Allow faded altars: false
     0 | D:1      | 0 ||| qw: Do Orc after clearing Dungeon:15 true
     0 | D:1      | 0 ||| qw: Do second Lair branch before Depths: true
     0 | D:1      | 0 ||| qw: Lair rune preference: random
     0 | D:1      | 0 ||| qw: Goals: Normal
     0 | D:1      | 0 ||| PLANNING D:1-11
   216 | D:1      | Reached XP level 2. HP: 16/16 MP: 4/4
   228 | D:1      | Reached skill level 6 in Ranged Weapons
   408 | D:1      | 408 ||| UPGRADING to +0 helmet.
   413 | D:1      | 413 ||| UPGRADING to +0 pair of gloves.
   418 | D:1      | 418 ||| UPGRADING to ring of poison resistance.
   419 | D:1      | 419 ||| READING scroll labelled OPTAUGACHU.
   420 | D:1      | 420 ||| READING scroll labelled BOOHUSI MUNWEARR.
   421 | D:1      | 421 ||| READING scroll labelled LEDON FOHIG.
   449 | D:1      | 449 ||| READING scroll labelled AGUGOT AQ QEPES.
   450 | D:1      | 450 ||| READING scroll labelled ANWESE SONOU.
   453 | D:1      | 453 ||| DROPPING scroll of butterflies.
   497 | D:2      | Reached XP level 3. HP: 20/20 MP: 5/5
   634 | D:2      | Found a burning altar of Makhleb.
   660 | D:2      | Reached skill level 7 in Ranged Weapons
   764 | D:2      | Reached XP level 4. HP: 25/25 MP: 6/6
   812 | D:2      | Found Vamoqen's Magic Scroll Boutique.
   820 | D:2      | 820 ||| BUYING 2 scrolls of identify (48 gold).
   820 | D:2      | Bought 2 scrolls of identify for 48 gold pieces
   820 | D:2      | 820 ||| SHOPLISTING scroll of enchant armour (90 gold, have
                  | 79).
   820 | D:2      | 820 ||| BUYING scroll of identify (24 gold).
   820 | D:2      | Bought a scroll of identify for 24 gold pieces
   820 | D:2      | 820 ||| BUYING scroll of teleportation (36 gold).
   820 | D:2      | Bought a scroll of teleportation for 36 gold pieces
  1099 | D:2      | 1099 ||| UPGRADING to +0 scale mail.
  1109 | D:2      | 1109 ||| DROPPING +0 leather armour.
  1110 | D:2      | 1110 ||| READING 4 scrolls of identify.
  1110 | D:2      | 1110 ||| IDENTIFYING dark potion
  1111 | D:2      | 1111 ||| READING 3 scrolls of identify.
  1111 | D:2      | 1111 ||| IDENTIFYING glowing inky potion
  1112 | D:2      | 1112 ||| READING 2 scrolls of identify.
  1112 | D:2      | 1112 ||| IDENTIFYING scroll labelled KAYPOA UVUTES
  1113 | D:2      | 1113 ||| READING scroll of brand weapon.
  1113 | D:2      | 1113 ||| BRANDING +0 shortbow.
  1196 | D:3      | You fall into a shaft and drop 3 floors!
  1197 | D:6      | 1197 ||| PLANNING SEWER
  1235 | D:6      | Reached skill level 8 in Ranged Weapons
  1239 | D:6      | Noticed a gnoll sergeant
  1243 | D:6      | 1243 ||| DRINKING potion of haste.
  1254 | D:6      | HP: 1/25 [gnoll sergeant/+0 trident (6)]
  1255 | D:6      | 1255 ||| READING scroll of teleportation.
  1255 | D:6      | Slain by a gnoll sergeant

Levels and vault maps discovered:
D:1:      lemuel_arrival_muddy, layout_rooms, nrook_mini_backslash
D:2:      layout_basic, serial_shops, nicolae_shop_tiny_statue_garden,
          basic_altar, grunt_ministairs_5
D:3:      layout_loops_ring, minmay_mini_jars
D:6:      layout_basic, fedhas_altar_decomposition, gup_sewer_entry_bubbles,
          minmay_misc_feat_chi

Skill      XL: |  1  2  3  4 |
---------------+-------------+-----
Ranged Weapons | 6 7 8 |  8.0
Fighting       | |  1.5
Armour         | |  0.9
Dodging        | |  2.4
Stealth        | |  1.2

Action                     |  1- 3 |  4- 6 || total
---------------------------+-------+-------++-------
   Fire: Shortbow          |   137 |    47 ||   184
    Use: Scroll            |     5 |     5 ||    10
         Potion            |       |     1 ||     1
 Armour: Leather armour    |    33 |       ||    33
         Scale mail        |       |    12 ||    12
  Dodge: Dodged            |    49 |    17 ||    66

Table legend:
 A = Non-vault XP
 B = Vault XP
 C = Vault XP percentage of total XP
 D = Non-vault monster count
 E = Vault monster count
 F = Vault count percentage of total count
                 A         B        C        D         E       F
            +---------+---------+-------+---------+---------+-------
      Total |     177 |       6 |   3.3 |      57 |       4 |   6.6
            +---------+---------+-------+---------+---------+-------
        D:1 |      24 |       0 |   0.0 |      15 |       0 |   0.0
        D:2 |      81 |       2 |   2.4 |      31 |       2 |   6.1
        D:3 |      15 |       4 |  21.1 |       3 |       2 |  40.0
        D:6 |      57 |       0 |   0.0 |       8 |       0 |   0.0
            +---------+---------+-------+---------+---------+-------
